 Dungeon Crawl Stone Soup version 0.21.1-1-g345015f (webtiles) character file.

19940 keltmir the Fighter (level 12, -6/97 HPs)
             Began as a Gnoll Wanderer on Apr 5, 2018.
             Was a High Priest of Okawaru.
             Killed by Ozocubu's Refrigeration
             ... invoked by Fannar
              (20 damage)
             ... on level 1 of the Lair of Beasts.
             The game lasted 01:08:17 (20106 turns).

keltmir the Fighter (Gnoll Wanderer)               Turns: 20106, Time: 01:08:18

Health: -6/97      AC: 21    Str: 17    XL:     12   Next: 74%
Magic:  16/23      EV: 12    Int: 14    God:    Okawaru [*****.]
Gold:   516        SH:  0    Dex: 17    Spells: 25/25 levels left

rFire    . . .     SeeInvis .   G - +10 morningstar of Doom {crush, rN+++ MR++ Str-3}
rCold    . . .     Gourm    .   (no shield)
rNeg     + + +     Faith    .   s - +0 plate armour
rPois    .         Spirit   .   y - +0 helmet
rElec    .         Reflect  .   T - +1 cloak {MR+}
rCorr    .         Harm     .   M - +1 pair of gloves
MR       +++..                  (no boots)
Stlth    +.........             (no amulet)
HPRegen  0.26/turn              S - +2 ring of slaying
MPRegen  0.18/turn              F - +2 ring of dexterity

@: heroism, finesse, drained
A: distributed training, fangs 1, strong nose
a: Heroism, Finesse, Renounce Religion


You were on level 1 of the Lair of Beasts.
You worshipped Okawaru.
Okawaru was extremely pleased with you.
You were not hungry.

You visited 3 branches of the dungeon, and saw 15 of its levels.

You collected 906 gold pieces.
You spent 390 gold pieces at shops.

Inventory:

Hand Weapons
 a - a +0 vampiric glaive
 v - a +3 trident of venom
 A - a +2 scimitar of flaming
 G - the +10 morningstar of Doom (weapon) {crush, rN+++ MR++ Str-3}
   (You bought it in a shop on level 8 of the Dungeon)

   It inflicts extra damage upon your enemies.
   It affects your strength (-3).
   It renders you almost immune to negative energy.
   It affects your resistance to hostile enchantments.
Missiles
 c - 6 tomahawks of returning
 V - 2 silver javelins (quivered)
Armour
 s - a +0 plate armour (worn)
 y - a +0 helmet (worn)
 M - a +1 pair of gloves (worn)
 O - a scarf of spirit shield
 T - a +1 cloak of magic resistance (worn)
Jewellery
 g - an uncursed ring of resist corrosion
 F - a +2 ring of dexterity (right hand)
 H - an uncursed amulet of harm
 S - a +2 ring of slaying (left hand)
Wands
 t - a wand of random effects (29)
 B - a wand of enslavement (34)
 I - a wand of iceblast (7)
 N - a wand of acid (4)
Scrolls
 b - 2 scrolls of fear
 e - 7 scrolls of remove curse
 h - a scroll of enchant weapon
 j - a scroll of magic mapping
 l - a scroll of fog
 m - 6 scrolls of teleportation
 q - a scroll of amnesia
 w - a scroll of brand weapon {unknown}
 x - a scroll of acquirement {unknown}
 C - a scroll of blinking
 L - a scroll of enchant armour
 Q - a scroll of random uselessness {unknown}
 U - a scroll of holy word {unknown}
Potions
 d - a potion of resistance
 i - 2 potions of agility
 k - 3 potions of cancellation
 n - a potion of magic
 o - 3 potions of flight
 r - a potion of haste
 z - 2 potions of brilliance
 E - a potion of might
 K - a potion of mutation
Books
 u - a book of Necromancy

   Spells                             Type                      Level
   a - Pain                           Necromancy                   1
   b - Animate Skeleton               Necromancy                   1
   c - Vampiric Draining              Necromancy                   3
   d - Regeneration                   Charms/Necromancy            3
   e - Animate Dead                   Necromancy                   4
   f - Borgnjor's Vile Clutch         Necromancy/Earth             5
 D - a book of Changes

   Spells                             Type                      Level
   a - Beastly Appendage              Transmutation                1
   b - Sticks to Snakes               Transmutation                2
   c - Spider Form                    Transmutation/Poison         3
   d - Ice Form                       Ice/Transmutation            4
   e - Blade Hands                    Transmutation                5
Comestibles
 f - 18 rations


   Skills:
 + Level 9.9(14.2) Fighting
 + Level 7.4(11.7) Short Blades
 + Level 7.4(11.7) Long Blades
 + Level 7.4(11.7) Axes
 + Level 7.4(11.7) Maces & Flails
 + Level 7.4(11.7) Polearms
 + Level 8.8(13.1) Staves
 + Level 7.4(11.7) Slings
 + Level 7.4(11.7) Bows
 + Level 7.4(11.7) Crossbows
 + Level 7.4(11.7) Throwing
 + Level 7.4(11.7) Armour
 + Level 7.9(12.2) Dodging
 + Level 9.6(13.8) Stealth
 + Level 7.9(12.2) Shields
 + Level 7.4(11.7) Unarmed Combat
 + Level 7.4(6.8) Spellcasting
 + Level 6.2(5.5) Conjurations
 + Level 6.2(5.5) Hexes
 + Level 6.2(5.5) Charms
 + Level 6.2(5.5) Summonings
 + Level 6.2(5.5) Necromancy
 + Level 6.2(5.5) Translocations
 + Level 6.2(5.5) Transmutations
 + Level 6.2(5.5) Fire Magic
 + Level 6.2(5.5) Ice Magic
 + Level 6.2(5.5) Air Magic
 + Level 6.2(5.5) Earth Magic
 + Level 6.2(5.5) Poison Magic
 + Level 8.1(7.5) Invocations
 + Level 7.4(6.8) Evocations


You had 25 spell levels left.
You didn't know any spells.

Dungeon Overview and Level Annotations

Branches:
Dungeon (12/15)            Temple (1/1) D:7            Lair (2/6) D:11
 Shoals (0/4) Lair:2       Spider (0/4) Lair:2          Orc (0/2) D:9

Altars:
Ashenzari
Cheibriados
Dithmenos
Elyvilon
Fedhas
Gozag
Hepliaklqana
Kikubaaqudgha
Makhleb
Nemelex Xobeh
Okawaru
Qazlal
Ru
Sif Muna
Trog
Uskayaw
Vehumet
Wu Jian
Xom
Yredelemnul
Zin
The Shining One

Shops:
D:5 ?   D:8 (*([

Annotations:
Lair:1 Fannar
Lair:2 1 exclusion


Innate Abilities, Weirdness & Mutations

Your experience applies equally to all skills.
You have very sharp teeth.
Your uncanny sense of smell can sniff out nearby items.


Message History

You sock Fannar! You bite Fannar, but do no damage.
Fannar is moderately wounded.
Fannar barely misses you.
You miss Fannar.
Fannar is moderately wounded.
Fannar gestures at you while chanting. The bolt of cold hits you!
* * * LOW HITPOINT WARNING * * *
You gain the combat prowess of a mighty hero.
Fannar casts a spell.
You can now deal lightning-fast blows.
Fannar barely misses you. The ice beast hits you.
* * * LOW HITPOINT WARNING * * *
The ice beast freezes you!
* * * LOW HITPOINT WARNING * * *
Okay, then.
Fannar casts a spell.
Fannar drains the heat from the surrounding environment!
You feel very cold.
You die...

.................................
.................................
......................#..........
.....................####........
..##............#.#..# ##....P#..
!>###.....###)######## #.########
.##...#.### ####### ### #
.#.<.#### ####...# ..#..#
####...Y@.# ..#.## ##......e..#
..#.####........###
............##### #....8..|.###
.#.......## .#.8...8.##
#.........# .....8....##


You could see Fannar and an ice beast.

Vanquished Creatures
  A hydra (Lair:1)
  Erica (D:8)
  3 two-headed ogres
  3 death yaks
  An unseen horror (D:10)
  The ghost of Harpaggios the Changer, a novice DrTm of Fedhas (D:7)
  A manticore (D:11)
  Psyche (D:8)
  Joseph (D:8)
  A spiny frog (D:11)
  3 komodo dragons (Lair:2)
  A jumping spider (Lair:2)
  11 blink frogs
  A hippogriff (D:11)
  A shadow (D:12)
  2 redbacks (Lair:2)
  4 yaks (Lair:1)
  2 wyverns
  5 humans (D:10)
  Grum (D:11)
  A hungry ghost (D:9)
  Menkaure (D:7)
  3 porcupines (Lair:1)
  4 orc warriors
  3 water moccasins
  4 black bears
  An ice beast (D:11)
  3 sky beasts
  A necrophage (D:10)
  4 phantoms
  6 ogres
  2 wolves (D:11)
  3 centaurs
  3 crocodiles
  A big kobold (D:11)
  11 bullfrogs
  A gnoll sergeant (D:9)
  2 wyvern skeletons
  3 wights (D:7)
  10 killer bees
  5 howler monkeys
  4 crimson imps
  A quasit (D:10)
  10 orc priests
  4 hounds
  6 jellies
  A gnoll shaman (D:9)
  9 orc wizards
  2 bullfrog skeletons (D:12)
  3 centaur skeletons
  3 iguanas
  5 worker ants
  2 hell rats (D:11)
  A killer bee zombie (D:9)
  A hound zombie (D:6)
  2 worker ant zombies
  13 gnolls
  13 adders
  2 river rats (D:11)
  2 shadow imps
  2 oozes
  An adder skeleton (D:9)
  2 worms
  3 dart slugs
  7 leopard geckos
  44 orcs
  8 bats
  10 giant cockroaches
  8 goblins
  5 hobgoblins
  16 jackals
  3 quokkas
  2 ball pythons
  7 frilled lizards
  11 kobolds
  A leopard gecko zombie (D:7)
  A quokka skeleton (D:6)
  13 rats
  A butterfly (Lair:2)
346 creatures vanquished.

Vanquished Creatures (others)
  A fungus (Lair:1)
1 creature vanquished.

Grand Total: 347 creatures vanquished

Notes
Turn   | Place    | Note
-------+----------+-------------------------------------------
     0 | D:1      | keltmir the Gnoll Wanderer began the quest for the Orb.
     0 | D:1      | keltmir set off with: a +2 quarterstaff, a +0 short sword, a potion of curing, a +0 robe, a +0 dagger, a ration
     0 | D:1      | Reached XP level 1. HP: 23/23 MP: 1/1
   147 | D:1      | Reached XP level 2. HP: 25/29 MP: 2/2
   645 | D:1      | Reached XP level 3. HP: 35/35 MP: 3/3
  1122 | D:2      | Reached skill level 1 in Invocations
  1138 | D:2      | Found a white marble altar of Elyvilon.
  1139 | D:2      | Found a stormy altar of Qazlal.
  1432 | D:2      | Reached skill level 1 in Short Blades
  1432 | D:2      | Reached skill level 1 in Long Blades
  1432 | D:2      | Reached skill level 1 in Axes
  1432 | D:2      | Reached skill level 1 in Maces & Flails
  1432 | D:2      | Reached skill level 1 in Polearms
  1432 | D:2      | Reached skill level 1 in Slings
  1432 | D:2      | Reached skill level 1 in Bows
  1432 | D:2      | Reached skill level 1 in Crossbows
  1432 | D:2      | Reached skill level 1 in Throwing
  1432 | D:2      | Reached skill level 1 in Armour
  1432 | D:2      | Reached skill level 1 in Unarmed Combat
  1432 | D:2      | Reached skill level 1 in Spellcasting
  1432 | D:2      | Reached skill level 1 in Evocations
  1432 | D:2      | Reached XP level 4. HP: 36/41 MP: 5/5
  2104 | D:3      | Reached skill level 1 in Conjurations
  2104 | D:3      | Reached skill level 1 in Hexes
  2104 | D:3      | Reached skill level 1 in Charms
  2104 | D:3      | Reached skill level 1 in Summonings
  2104 | D:3      | Reached skill level 1 in Necromancy
  2104 | D:3      | Reached skill level 1 in Translocations
  2104 | D:3      | Reached skill level 1 in Transmutations
  2104 | D:3      | Reached skill level 1 in Fire Magic
  2104 | D:3      | Reached skill level 1 in Ice Magic
  2104 | D:3      | Reached skill level 1 in Air Magic
  2104 | D:3      | Reached skill level 1 in Earth Magic
  2104 | D:3      | Reached skill level 1 in Poison Magic
  2254 | D:3      | Found a hazy altar of Hepliaklqana.
  2341 | D:3      | Reached XP level 5. HP: 45/47 MP: 6/6
  2633 | D:4      | Found a bloodstained altar of Trog.
  2673 | D:5      | Entered Level 5 of the Dungeon
  2718 | D:4      | Reached XP level 6. HP: 41/53 MP: 8/8
  2894 | D:4      | Reached skill level 5 in Staves
  2954 | D:5      | Found Koaqy's Magic Scroll Emporium.
  3187 | D:5      | Noticed a phantom
  3203 | D:5      | Noticed a phantom
  3204 | D:5      | Found a basalt altar of Yredelemnul.
  3244 | D:5      | Killed a phantom
  3244 | D:5      | Reached XP level 7. HP: 36/59 MP: 10/10
  3432 | D:6      | Found a snail-covered altar of Cheibriados.
  3860 | D:7      | Found a staircase to the Ecumenical Temple.
  3866 | Temple   | Entered the Ecumenical Temple
  4293 | D:7      | Found an ornate altar of the Wu Jian Council.
  4333 | D:7      | Found an iron altar of Okawaru.
  4339 | D:7      | Became a worshipper of Warmaster Okawaru
  4626 | D:4      | Reached XP level 8. HP: 15/67 MP: 12/12
  7251 | D:6      | Reached * piety under Okawaru
  7251 | D:6      | Reached XP level 9. HP: 67/72 MP: 14/14
  7889 | D:7      | Got a tattered robe
  7900 | D:7      | Identified the cursed +0 robe of the Doldrums {rPois rN++ Str-3} (You found it on level 7 of the Dungeon)
  7913 | D:7      | Noticed Harpaggios's ghost (novice DrTm)
  8523 | D:7      | Noticed Menkaure
  8895 | D:7      | Killed Harpaggios's ghost
  8895 | D:7      | Reached skill level 5 in Dodging
  8895 | D:7      | Reached skill level 5 in Shields
  9434 | D:8      | Noticed Erica
  9503 | D:7      | Reached ** piety under Okawaru
  9794 | D:7      | Killed Menkaure
  9794 | D:7      | Reached skill level 5 in Invocations
 10337 | D:8      | Noticed Joseph
 10521 | D:7      | Reached XP level 10. HP: 67/80 MP: 15/17
 10637 | D:8      | Killed Joseph
 11040 | D:8      | Found an iron altar of Okawaru.
 11132 | D:8      | Noticed Psyche
 11139 | D:8      | Paralysed by Psyche for 2 turns
 11149 | D:8      | Killed Psyche
 11149 | D:8      | Reached *** piety under Okawaru
 11149 | D:8      | Reached skill level 5 in Short Blades
 11149 | D:8      | Reached skill level 5 in Long Blades
 11149 | D:8      | Reached skill level 5 in Axes
 11149 | D:8      | Reached skill level 5 in Maces & Flails
 11149 | D:8      | Reached skill level 5 in Polearms
 11149 | D:8      | Reached skill level 5 in Slings
 11149 | D:8      | Reached skill level 5 in Bows
 11149 | D:8      | Reached skill level 5 in Crossbows
 11149 | D:8      | Reached skill level 5 in Throwing
 11149 | D:8      | Reached skill level 5 in Armour
 11149 | D:8      | Reached skill level 5 in Unarmed Combat
 11149 | D:8      | Reached skill level 5 in Spellcasting
 11149 | D:8      | Reached skill level 5 in Evocations
 11334 | D:8      | Found Nesategh's Antique Armour Shop.
 11413 | D:8      | Found Qaijeiwk's Antique Weapon Shoppe.
 11469 | D:8      | Killed Erica
 11718 | D:8      | Found Aqaso's General Store.
 11733 | D:8      | Bought 3 scrolls of identify for 72 gold pieces
 11733 | D:8      | Bought a potion of might for 48 gold pieces
 11767 | D:8      | Found Ysouco's Antique Weapon Emporium.
 11780 | D:8      | Bought an ancient morningstar for 270 gold pieces
 11780 | D:8      | Identified the +10 morningstar of Doom {crush, rN+++ MR++ Str-3} (You bought it in a shop on level 8 of the Dungeon)
 12017 | D:9      | Found a glowing silver altar of Zin.
 12242 | D:9      | Received a gift from Okawaru
 12471 | D:9      | Noticed a two-headed ogre
 12482 | D:9      | Killed a two-headed ogre
 12482 | D:9      | Reached **** piety under Okawaru
 12857 | D:9      | Reached XP level 11. HP: 50/87 MP: 19/19
 13019 | D:9      | Found a staircase to the Orcish Mines.
 13102 | D:9      | Noticed a two-headed ogre
 13113 | D:9      | Killed a two-headed ogre
 13609 | D:10     | Entered Level 10 of the Dungeon
 13964 | D:10     | Reached ***** piety under Okawaru
 13964 | D:10     | Reached skill level 5 in Conjurations
 13964 | D:10     | Reached skill level 5 in Hexes
 13964 | D:10     | Reached skill level 5 in Charms
 13964 | D:10     | Reached skill level 5 in Summonings
 13964 | D:10     | Reached skill level 5 in Necromancy
 13964 | D:10     | Reached skill level 5 in Translocations
 13964 | D:10     | Reached skill level 5 in Transmutations
 13964 | D:10     | Reached skill level 5 in Fire Magic
 13964 | D:10     | Reached skill level 5 in Ice Magic
 13964 | D:10     | Reached skill level 5 in Air Magic
 13964 | D:10     | Reached skill level 5 in Earth Magic
 13964 | D:10     | Reached skill level 5 in Poison Magic
 14143 | D:10     | Received a gift from Okawaru
 14460 | D:10     | Killed an unseen horror
 14937 | D:11     | Noticed a manticore
 14947 | D:11     | Killed a manticore
 14947 | D:11     | Received a gift from Okawaru
 15150 | D:11     | Noticed a death yak
 15155 | D:11     | Noticed a death yak
 15158 | D:11     | Noticed a death yak
 15163 | D:11     | Killed a death yak
 15171 | D:11     | Killed a death yak
 15474 | D:10     | Killed a death yak
 15733 | D:11     | Found a staircase to the Lair.
 15986 | D:11     | Noticed Grum
 15997 | D:11     | Killed Grum
 16230 | D:11     | Reached XP level 12. HP: 94/96 MP: 22/22
 16911 | D:12     | Noticed a two-headed ogre
 17079 | D:12     | Noticed a two-headed ogre
 17094 | D:12     | Killed a two-headed ogre
 17196 | D:12     | Noticed a tengu warrior
 17255 | Lair:1   | Entered Level 1 of the Lair of Beasts
 17294 | D:11     | Received a gift from Okawaru
 17793 | Lair:1   | Noticed a seven-headed hydra
 17934 | Lair:1   | Killed a seven-headed hydra
 17934 | Lair:1   | Received a gift from Okawaru
 18624 | Lair:1   | Received a gift from Okawaru
 18814 | Lair:2   | Found a staircase to the Shoals.
 19956 | Lair:2   | Noticed Fannar
 19968 | Lair:2   | Found a hole to the Spider Nest.
 20106 | Lair:1   | Killed from afar by Fannar

Skill      XL: |  1  2  3  4  5  6  7  8  9 10 11 12 |
---------------+-------------------------------------+-----
Stealth        | 6 7 8 9 |  9.6
Invocations    | 1 2 3 4 5 6 7 8 |  8.1
Short Blades   | 1 2 3 4 5 6 7 |  7.4
Long Blades    | 1 2 3 4 5 6 7 |  7.4
Axes           | 1 2 3 4 5 6 7 |  7.4
Maces & Flails | 1 2 3 4 5 6 7 |  7.4
Polearms       | 1 2 3 4 5 6 7 |  7.4
Slings         | 1 2 3 4 5 6 7 |  7.4
Bows           | 1 2 3 4 5 6 7 |  7.4
Crossbows      | 1 2 3 4 5 6 7 |  7.4
Throwing       | 1 2 3 4 5 6 7 |  7.4
Armour         | 1 2 3 4 5 6 7 |  7.4
Unarmed Combat | 1 2 3 4 5 6 7 |  7.4
Spellcasting   | 1 2 3 4 5 6 7 |  7.4
Evocations     | 1 2 3 4 5 6 7 |  7.4
Conjurations   | 1 2 3 4 5 6 |  6.2
Hexes          | 1 2 3 4 5 6 |  6.2
Charms         | 1 2 3 4 5 6 |  6.2
Summonings     | 1 2 3 4 5 6 |  6.2
Necromancy     | 1 2 3 4 5 6 |  6.2
Translocations | 1 2 3 4 5 6 |  6.2
Transmutations | 1 2 3 4 5 6 |  6.2
Fire Magic     | 1 2 3 4 5 6 |  6.2
Ice Magic      | 1 2 3 4 5 6 |  6.2
Air Magic      | 1 2 3 4 5 6 |  6.2
Earth Magic    | 1 2 3 4 5 6 |  6.2
Poison Magic   | 1 2 3 4 5 6 |  6.2
Dodging        | 3 4 5 6 7 |  7.9
Shields        | 3 4 5 6 7 |  7.9
Staves         | 5 6 7 8 |  8.8
Fighting       | 7 8 9 |  9.9

Action                   |  1- 3 |  4- 6 |  7- 9 | 10-12 || total
-------------------------+-------+-------+-------+-------++-------
Melee: Quarterstaff      |    82 |   160 |   111 |       ||   353
       Bite              |     7 |    17 |    43 |    47 ||   114
       Trident           |       |       |   305 |    42 ||   347
       Punch             |       |       |     5 |     7 ||    12
       Morningstar       |       |       |       |   465 ||   465
Throw: Tomahawk          |       |     3 |     8 |    19 ||    30
       Javelin           |       |       |       |     5 ||     5
Invok: Heroism           |       |       |     2 |     9 ||    11
       Finesse           |       |       |       |     2 ||     2
Evoke: Wand              |       |       |       |     8 ||     8
  Use: Scroll            |     4 |     3 |    12 |    10 ||    29
       Potion            |       |       |     5 |    11 ||    16
 Stab: Sleeping          |    12 |     4 |       |       ||    16
       Distracted        |       |       |     1 |       ||     1
       Invisible         |       |       |     1 |       ||     1
  Eat: Chunk             |     2 |     5 |    19 |    20 ||    46
       Ration            |       |       |     1 |     5 ||     6
Armor: Robe              |     7 |       |       |       ||     7
       Scale mail        |     6 |    48 |    15 |       ||    69
       Ring mail         |     1 |     8 |       |       ||     9
       Chain mail        |       |       |    32 |       ||    32
       Plate armour      |       |       |   157 |   368 ||   525
       Skin              |       |       |       |     6 ||     6
Dodge: Dodged            |    44 |    77 |   199 |   227 ||   547
